 Dungeon Crawl Stone Soup version 0.25.1-2-g60ff931df9 (webtiles) character file.

Game seed: 12760243183904517762

16027 lepoulpe303 the Thaumaturge (level 12, -15/51 HPs)
             Began as a Spriggan Earth Elementalist on Dec 7, 2020.
             Was an Initiate of Gozag.
             Demolished by a catoblepas (17 damage)
             ... while petrified by you
             ... on level 1 of the Lair of Beasts.
             The game lasted 01:05:25 (17809 turns).

lepoulpe303 the Thaumaturge (SpEE)                 Turns: 17809, Time: 01:05:25

Health: -15/51     AC:  6    Str:  4    XL:     12   Next: 6%
Magic:  6/29       EV:  4    Int: 22    God:    Gozag
Gold:   2382       SH:  0    Dex: 16    Spells: 16/35 levels left

rFire    . . .     SeeInvis +   a - +2 dagger (venom)
rCold    + . .     Gourm    .   g - +1 buckler
rNeg     + + +     Faith    .   T - +2 robe {rC+} {rC+}
rPois    ∞         Spirit   .   W - +1 hat
rElec    .         Reflect  .   L - +0 cloak
rCorr    .         Harm     .   (gloves unavailable)
MR       ++...                  (boots unavailable)
Stlth    +++++.....             R - amulet of regeneration
HPRegen  0.57/turn              E - ring of flight
MPRegen  0.21/turn              (no ring)

@: petrified, marked, very quick
A: very small, unfitting armour, see invisible, herbivore, speed 3, slow
metabolism 2
a: Potion Petition, Call Merchant, Bribe Branch, Renounce Religion, Evoke Flight


You were on level 1 of the Lair of Beasts.
You worshipped Gozag.
Gozag was most pleased with you.
You were not hungry.

You visited 2 branches of the dungeon, and saw 12 of its levels.
You also visited: Bailey.

You collected 2533 gold pieces.
You spent 126 gold pieces at shops.
You paid 25 gold pieces to Gozag.

Inventory:

Hand Weapons
 a - a +2 dagger of venom (weapon)
 b - a +0 rapier
 c - a +0 dagger of holy wrath
 N - a +0 dagger of freezing
 U - a +3 dagger of chaos
Missiles
 o - 18 poisoned darts (quivered)
 z - 2 throwing nets {=f}
 F - 4 curare-tipped darts
 Q - 106 stones
Armour
 g - a +1 buckler (worn)
 L - a +0 cloak (worn)
 P - a +0 robe
 T - a +2 robe of cold resistance (worn) {rC+}
 W - a +1 hat (worn)
Jewellery
 E - a ring of flight (left hand)
 G - an uncursed amulet of guardian spirit {Spirit}
 R - an amulet of regeneration (around neck)
 X - an uncursed amulet of the acrobat {unknown}
 Y - an uncursed ring of positive energy {unknown}
 Z - an uncursed ring of ice {rC+, rF-}
Wands
 C - a wand of clouds (2)
 H - a wand of iceblast (34)
 J - a wand of acid (8)
 K - a wand of polymorph (9)
Scrolls
 f - 2 scrolls of noise {unknown}
 i - 5 scrolls of identify
 j - a scroll of magic mapping {unknown}
 k - 2 scrolls of random uselessness {unknown}
 n - 6 scrolls of enchant weapon {unknown}
 r - 2 scrolls of enchant armour
 s - 2 scrolls of amnesia {unknown}
 t - 7 scrolls of teleportation
 w - 4 scrolls of remove curse
 y - 2 scrolls of immolation {unknown}
 A - a scroll of fear {unknown}
 B - 3 scrolls of blinking {!r}
 I - 2 scrolls of fog {unknown}
 M - a scroll of vulnerability {unknown}
 V - a scroll of brand weapon {unknown}
Potions
 d - a potion of invisibility {unknown}
 h - a potion of mutation {unknown}
 l - a potion of lignification {unknown}
 m - 2 potions of might {unknown}
 p - a potion of flight {unknown}
 q - 7 potions of curing
 u - 3 potions of degeneration {unknown}
 v - a potion of cancellation {unknown}
 x - 3 potions of heal wounds
 D - 3 potions of haste {unknown}
 O - 3 potions of magic {unknown}
 S - a potion of resistance {unknown}
Comestibles
 e - 16 rations


   Skills:
 + Level 6.7 Short Blades
 + Level 10.6 Dodging
 + Level 11.4 Stealth
 - Level 4.0 Shields
 * Level 12.4 Spellcasting
 * Level 2.6 Hexes
 - Level 1.3 Transmutations
 * Level 10.0 Earth Magic


You had 16 spell levels left.
You knew the following spells:

 Your Spells              Type           Power        Failure   Level  Hunger
a - Sandblast             Erth           ######       1%          1    None
b - Leda's Liquefaction   Hex/Erth       #####.....   4%          4    None
c - Petrify               Tmut/Erth      #####...     5%          4    None
w - Passwall              Tmut/Erth      #####...     1%          2    None
x - Stone Arrow           Conj/Erth      #####.       2%          3    None
z - Lee's Rapid Deconstr  Erth           ######....   2%          5    ####...

Your spell library contained the following spells:

 Spells                   Type           Power        Failure   Level  Hunger
 Corona                   Hex            ####...      1%          1    None
 Slow                     Hex            ####....     3%          2    None
 Summon Butterflies       Summ           ##......     6%          1    None
 Summon Small Mammal      Summ           ##..         6%          1    None
 Call Imp                 Summ           ##......     9%          2    None
 Inner Flame              Hex/Fire       ###.....     10%         3    None
 Portal Projectile        Hex/Tloc       ###...       10%         3    None
 Summon Guardian Golem    Hex/Summ       ###.....     10%         3    None
 Call Canine Familiar     Summ           ##......     17%         3    None
 Cause Fear               Hex            ####......   19%         4    None
 Summon Ice Beast         Ice/Summ       ##......     50%         4    None
 Summon Lightning Spire   Summ/Air       ##......     50%         4    None


Dungeon Overview and Level Annotations

Branches:
Dungeon (10/15)            Temple (0/1) D:4            Lair (2/6) D:10
 Bailey (visited)
  Swamp: Lair:2-4    Shoals: Lair:2-4     Snake: Lair:2-4    Spider: Lair:2-4
    Orc: D:9-12

Altars:
Ashenzari
Cheibriados
Dithmenos
Elyvilon
Fedhas
Gozag
Hepliaklqana
Kikubaaqudgha
Makhleb
Nemelex Xobeh
Ru
Sif Muna
Trog
Xom
Yredelemnul
Zin

Shops:
D:7 !


Innate Abilities, Weirdness & Mutations

You are very small and have problems with some larger weapons.
You are too small for most types of armour.
You have supernaturally acute eyesight. (SInv)
You are a herbivore.
You cover ground extremely quickly.
You need to consume almost no food.


Message History

You are engulfed in calcifying dust.
A black mamba comes into view.
You are engulfed in calcifying dust.
You are slowing down.
The catoblepas gores you!!
* * * LOW HITPOINT WARNING * * *
You climb upwards.
You have turned to stone.
The catoblepas gores you!!
* * * LOW HITPOINT WARNING * * *
The catoblepas gores you!!
* * * LOW HITPOINT WARNING * * *
The catoblepas breathes a plume of calcifying dust at you.
The blast of calcifying dust hits you.
* * * LOW HITPOINT WARNING * * *
You are engulfed in calcifying dust.
The catoblepas gores you but does no damage.
You are engulfed in calcifying dust.
The catoblepas gores you!!
You die...
Your body crumbles into a pile of gold.

......#######....................
.................................
.................................
.................................
#...###.'######..................
#...# ##.# #.....#######....P##
#...# ##'######....####.##....###
#...###.....##.....##...#..(...##
#...##......##.Y@§§##...##......+
#...###.....###.........##.....##
#...####.#'.###....##.........###
.....##..#.###......#...##....###
....####.#+.#.#....##+.##......##
...................##.####.......
..>..............................
.................................
.................................


You could see a catoblepas.

Levels and vault maps discovered:
D:1:      evilmike_arrival_plus, layout_rooms, minmay_tetromino_o2
D:2:      layout_basic, lemuel_zombie_altar_yredelemnul, first_ration,
          nicolae_gozag_cash_rules_everything_around_me
D:3:      layout_basic, zin_academy, ashenzari_altar_1,
          minmay_fractal_squares_diagonal_5, uniq_natasha
D:4:      layout_basic, grunt_temple_overflow_growth_and_decay,
          minmay_temple_entry_antechambers, nemelex_xobeh_ov_fountains_minmay
D:5:      layout_basic, old_standard_altar
D:6:      layout_basic, gammafunk_temple_overflow_wave, trog_ov_bears_minmay,
          uniq_sigmund
D:7:      layout_loops_corners, riverfiend_overflow_shadow_ancestor,
          serial_shops, shop
D:8:      layout_rooms, enter_bailey_2
D:9:      layout_basic, nicolae_overflow_hidden_temple, led_sif_book,
          slow_altar_1, hangedman_little_slice_of_home
D:10:     minmay_cornered_nines, layout_rooms, lair_entry_dummy, uniq_grum,
          uniq_psyche, uniq_joseph, uniq_josephine
Lair:1:   layout_regular_city, uniq_gastronok, uniq_fannar, uniq_erica
Lair:2:   layout_gridlike, wad_woods_06, minivault_26, grunt_megastairs_3,
          lemuel_fruit_tree

Notes
Turn   | Place    | Note
-------+----------+-------------------------------------------
     0 | D:1      | lepoulpe303 the Spriggan Earth Elementalist began the quest
                  | for the Orb.
     0 | D:1      | Reached XP level 1. HP: 9/9 MP: 5/5
    33 | D:1      | Identified a cursed -2 club
    96 | D:1      | Reached skill level 3 in Spellcasting
   135 | D:1      | Identified a +0 dagger
   156 | D:1      | Reached XP level 2. HP: 13/13 MP: 7/7
   169 | D:1      | Learned a level 2 spell: Passwall
   238 | D:1      | Reached skill level 3 in Earth Magic
   374 | D:1      | Identified a +0 short sword
   428 | D:1      | HP: 3/13 [kobold/+0 short sword (3)]
   875 | D:1      | Identified a +0 club
  1162 | D:2      | Reached XP level 3. HP: 15/16 MP: 8/8
  1173 | D:2      | Learned a level 3 spell: Stone Arrow
  1484 | D:2      | Identified a cursed +0 club
  1588 | D:2      | Found an opulent altar of Gozag.
  1643 | D:2      | Became a worshipper of Gozag Ym Sagoz the Greedy
  1745 | D:2      | Identified a +0 club
  1751 | D:2      | Identified a cursed -3 club
  2089 | D:2      | Found a basalt altar of Yredelemnul.
  2462 | D:3      | Identified a +0 short sword
  2545 | D:3      | Reached XP level 4. HP: 21/21 MP: 10/10
  2550 | D:3      | Found a glowing silver altar of Zin.
  2714 | D:3      | Reached skill level 4 in Stealth
  2714 | D:3      | Reached skill level 4 in Spellcasting
  2990 | D:2      | Reached skill level 4 in Dodging
  3299 | D:3      | Found a shattered altar of Ashenzari.
  3509 | D:3      | Noticed Natasha
  3576 | D:3      | Killed Natasha
  3576 | D:3      | Reached XP level 5. HP: 12/24 MP: 8/12
  3752 | D:3      | Identified a +0 flail
  3752 | D:3      | Identified a cursed -2 club
  3752 | D:3      | Identified a +0 dagger
  3752 | D:3      | Identified a +0 dagger
  3752 | D:3      | Identified a +2 trident of venom
  4181 | D:3      | Identified 4 scrolls of teleportation
  4182 | D:3      | Identified 3 scrolls of identify
  4182 | D:3      | Identified a ring of teleportation (You found it on level 2
                  | of the Dungeon)
  4210 | D:3      | Noticed Natasha
  4217 | D:3      | Killed Natasha
  4259 | D:3      | Noticed Natasha
  4272 | D:3      | Killed Natasha
  4423 | D:3      | Found a shattered altar of Ashenzari.
  4442 | D:3      | Found a glowing silver altar of Zin.
  5156 | D:4      | Reached skill level 4 in Earth Magic
  5363 | D:4      | Identified a +0 club
  5363 | D:4      | Identified a +0 spear
  5363 | D:4      | Identified a +0 spear
  5367 | D:4      | Reached skill level 5 in Spellcasting
  5367 | D:4      | Reached XP level 6. HP: 19/28 MP: 12/14
  5409 | D:4      | Reached skill level 5 in Stealth
  5555 | D:4      | Learned a level 4 spell: Petrify
  5557 | D:4      | Found a staircase to the Ecumenical Temple.
  5942 | D:4      | Reached skill level 5 in Dodging
  6019 | D:4      | Identified a cursed +0 giant spiked club
  6193 | D:4      | Reached XP level 7. HP: 20/32 MP: 16/16
  6376 | D:4      | Reached skill level 6 in Spellcasting
  6540 | D:4      | Found an ancient bone altar of Kikubaaqudgha.
  6548 | D:4      | Found a blossoming altar of Fedhas.
  6674 | D:4      | Identified a +0 mace
  6674 | D:4      | Identified a +0 leather armour
  6688 | D:4      | Found a sparkling altar of Nemelex Xobeh.
  6827 | D:5      | Entered Level 5 of the Dungeon
  6827 | D:5      | Identified a +0 giant club
  6832 | D:5      | Reached skill level 6 in Stealth
  6832 | D:5      | Reached skill level 5 in Earth Magic
  6991 | D:5      | Identified a +0 dagger
  7078 | D:5      | Found a shimmering altar of Xom.
  7079 | D:5      | Identified a +0 dagger
  7079 | D:5      | Identified a +0 robe
  7079 | D:5      | Identified a +0 hand axe
  7216 | D:5      | Identified a +0 spear
  7217 | D:5      | Identified a +0 club
  7219 | D:5      | Identified a +0 whip
  7546 | D:5      | Reached skill level 6 in Dodging
  7602 | D:5      | Identified a +0 flail
  7623 | D:5      | Reached skill level 7 in Spellcasting
  8000 | D:6      | Identified a +0 trident
  8000 | D:6      | Identified a +0 flail
  8000 | D:6      | Identified a +0 club
  8000 | D:6      | Identified a +0 spear
  8110 | D:6      | Reached XP level 8. HP: 36/36 MP: 19/19
  8172 | D:6      | Identified a cursed +0 trident
  8184 | D:6      | Identified an amulet of regeneration (You found it on level
                  | 5 of the Dungeon)
  8216 | D:6      | Identified a +0 trident
  8216 | D:6      | Identified a +0 scale mail
  8218 | D:6      | Identified a +0 short sword
  8218 | D:6      | Identified a +0 chain mail
  8223 | D:6      | Identified a cursed -2 dagger
  8223 | D:6      | Identified a +0 robe
  8240 | D:6      | Identified a +0 dagger
  8240 | D:6      | Identified a +0 robe
  8322 | D:6      | Found a bloodstained altar of Trog.
  8400 | D:6      | Reached skill level 1 in Short Blades
  8620 | D:6      | Identified a +0 vampiric scythe
  8620 | D:6      | Identified a +0 robe
  8620 | D:6      | Noticed Sigmund
  8620 | D:6      | Identified a +0 spear
  8620 | D:6      | Identified a +0 robe
  8620 | D:6      | Identified a cursed +3 falchion
  8620 | D:6      | Identified a +0 robe
  8786 | D:6      | Found a white marble altar of Elyvilon.
  8786 | D:6      | Found a burning altar of Makhleb.
  8833 | D:6      | Identified a +0 whip
  8833 | D:6      | Identified a +0 chain mail
  8913 | D:6      | Identified a +0 whip
  9037 | D:6      | Identified a +0 giant spiked club
  9087 | D:6      | Reached skill level 7 in Stealth
  9088 | D:6      | Reached skill level 1 in Shields
  9088 | D:6      | Reached skill level 6 in Earth Magic
  9116 | D:6      | Learned a level 5 spell: Lee's Rapid Deconstruction
  9337 | D:6      | Identified a +3 dire flail
  9337 | D:6      | Identified a +0 robe
  9357 | D:6      | Identified a +3 battleaxe
  9357 | D:6      | Identified a +0 robe
  9534 | D:6      | Killed Sigmund
  9534 | D:6      | Reached skill level 2 in Short Blades
  9534 | D:6      | Reached skill level 7 in Dodging
  9534 | D:6      | Reached skill level 8 in Spellcasting
  9757 | D:7      | Identified a +0 halberd
  9757 | D:7      | Identified a +0 chain mail
  9757 | D:7      | Identified a +0 flail
  9757 | D:7      | Identified a +0 leather armour
  9757 | D:7      | Identified a +0 trident
  9757 | D:7      | Identified a +0 scale mail
  9959 | D:7      | Found Dobbij's Distillery.
  9963 | D:7      | Bought a potion of stabbing for 56 gold pieces
  9963 | D:7      | Bought a potion of heal wounds for 70 gold pieces
  9963 | D:7      | Identified 3 potions of curing
  9964 | D:7      | Identified 4 scrolls of remove curse
  9980 | D:7      | Reached XP level 9. HP: 39/39 MP: 6/22
 10252 | D:7      | Identified a +1 flail of holy wrath
 10252 | D:7      | Identified a +0 dagger
 10252 | D:7      | Identified a +0 robe
 10252 | D:7      | Identified a cursed -2 dagger
 10253 | D:7      | Identified a +0 war axe
 10358 | D:7      | Identified a +0 club
 10358 | D:7      | Identified a +0 ring mail
 10614 | D:7      | Reached skill level 3 in Short Blades
 10637 | D:7      | Found a hazy altar of Hepliaklqana.
 10639 | D:7      | Found a shadowy altar of Dithmenos.
 10812 | D:7      | Identified a +0 giant club
 10903 | D:7      | Identified a +0 hand axe
 10942 | D:7      | Reached skill level 8 in Stealth
 11278 | D:7      | Identified a +0 giant club
 11290 | D:7      | Reached skill level 2 in Shields
 11290 | D:7      | Reached skill level 9 in Spellcasting
 11341 | D:8      | Reached skill level 7 in Earth Magic
 11364 | D:8      | Identified a +0 scimitar
 11364 | D:8      | Identified a +0 chain mail
 11364 | D:8      | Identified a +0 morningstar
 11364 | D:8      | Identified a +0 leather armour
 11366 | D:8      | Identified a +0 leather armour
 11367 | D:8      | Identified a +0 hand axe
 11407 | D:8      | Identified an amulet of guardian spirit (You found it on
                  | level 8 of the Dungeon)
 11508 | D:8      | Identified a +0 club
 11508 | D:8      | Identified a +0 club
 11508 | D:8      | Identified a +0 leather armour
 11509 | D:8      | Identified a +0 falchion
 11514 | D:8      | Identified a +0 battleaxe
 11514 | D:8      | Identified a +0 chain mail
 11605 | D:8      | Identified a +0 shortbow
 11610 | D:8      | Identified a +0 whip
 11610 | D:8      | Identified a +0 leather armour
 11613 | D:8      | Identified a +0 war axe
 11620 | D:8      | Reached skill level 8 in Dodging
 11675 | D:8      | Found a flagged portal.
 11693 | Bailey   | Entered a bailey
 11694 | Bailey   | Identified a +0 arbalest
 11694 | Bailey   | Identified a +0 ring mail
 11696 | Bailey   | Identified a +0 arbalest
 11696 | Bailey   | Identified a cursed -1 scale mail
 11713 | Bailey   | Identified a +0 arbalest
 11713 | Bailey   | Identified a +0 ring mail
 11717 | Bailey   | Identified a +0 arbalest
 11717 | Bailey   | Identified a +3 ring mail
 11981 | Bailey   | Identified a +0 arbalest
 11981 | Bailey   | Identified a +0 ring mail
 11983 | Bailey   | Identified a +0 arbalest
 11983 | Bailey   | Identified a +0 scale mail
 12049 | Bailey   | Identified a +0 arbalest
 12049 | Bailey   | Identified a +0 scale mail
 12053 | Bailey   | Identified a +0 arbalest
 12053 | Bailey   | Identified a +0 scale mail
 12418 | Bailey   | Identified a +0 arbalest
 12418 | Bailey   | Identified a +0 scale mail
 12419 | Bailey   | Identified a +0 arbalest
 12419 | Bailey   | Identified a +0 scale mail
 12419 | Bailey   | Identified a +0 arbalest
 12419 | Bailey   | Identified a +0 ring mail
 12465 | Bailey   | Identified a +0 arbalest
 12465 | Bailey   | Identified a +0 ring mail
 12568 | Bailey   | Identified a +0 arbalest
 12568 | Bailey   | Identified a +0 scale mail
 12570 | Bailey   | Identified a +0 arbalest
 12570 | Bailey   | Identified a cursed +0 scale mail
 12571 | Bailey   | Identified a +0 arbalest
 12571 | Bailey   | Identified a +0 ring mail
 12573 | Bailey   | Reached skill level 4 in Short Blades
 12684 | Bailey   | Identified a cursed -3 arbalest
 12684 | Bailey   | Identified a +0 ring mail
 12727 | Bailey   | Identified a +0 trident
 12727 | Bailey   | Identified a +0 ring mail
 12752 | Bailey   | Identified a +0 spear
 12752 | Bailey   | Identified a +0 chain mail
 12763 | Bailey   | Identified a +0 halberd
 12763 | Bailey   | Identified a +0 chain mail
 12770 | Bailey   | Identified a +0 glaive
 12770 | Bailey   | Identified a +0 scale mail
 12821 | Bailey   | Identified a +0 halberd
 12821 | Bailey   | Identified a +0 scale mail
 12823 | Bailey   | Reached XP level 10. HP: 44/44 MP: 24/24
 12828 | Bailey   | Identified a +0 trident
 12828 | Bailey   | Identified a +0 scale mail
 12937 | Bailey   | Identified 3 scrolls of blinking
 12946 | Bailey   | Identified a ring of flight (You found it in a bailey)
 12947 | Bailey   | Identified a +0 bardiche
 12947 | Bailey   | Identified a +0 plate armour
 12947 | Bailey   | Identified a +0 halberd
 12947 | Bailey   | Identified a +0 plate armour
 12947 | Bailey   | Identified a cursed +0 halberd
 12947 | Bailey   | Identified a +0 scale mail
 12947 | Bailey   | Noticed an orc knight
 12947 | Bailey   | Identified a +0 halberd
 12947 | Bailey   | Identified a +0 ring mail
 12954 | Bailey   | Killed an orc knight
 12954 | Bailey   | Reached skill level 9 in Stealth
 12954 | Bailey   | Reached skill level 10 in Spellcasting
 13172 | Bailey   | Identified 3 scrolls of enchant armour
 13178 | Bailey   | Identified a +1 buckler (You found it on level 5 of the
                  | Dungeon)
 13331 | D:8      | Identified a +0 spear
 13331 | D:8      | Identified a +0 robe
 13333 | D:8      | Identified a +0 mace
 13333 | D:8      | Identified a +0 scale mail
 13375 | D:8      | Identified a +0 halberd
 13375 | D:8      | Identified a +0 robe
 13472 | D:8      | Reached skill level 3 in Shields
 13573 | D:8      | Identified a cursed +0 morningstar
 13573 | D:8      | Identified a +0 ring mail
 13586 | D:8      | Identified a +0 dagger
 13586 | D:8      | Identified a +0 robe
 13871 | D:8      | Identified a +0 falchion
 13871 | D:8      | Identified a cursed -3 mace
 13871 | D:8      | Identified a +0 leather armour
 13873 | D:8      | Identified a +0 flail
 13873 | D:8      | Identified a cursed +0 chain mail
 13895 | D:8      | Reached skill level 8 in Earth Magic
 14014 | D:9      | Noticed a manticore
 14019 | D:9      | Killed a manticore
 14066 | D:9      | You fall into a shaft and drop 1 floor!
 14066 | D:10     | Entered Level 10 of the Dungeon
 14066 | D:10     | Identified a +0 giant club
 14117 | D:9      | Found a sacrificial altar of Ru.
 14145 | D:10     | Identified a +0 quarterstaff
 14145 | D:10     | Identified a +0 hunting sling
 14145 | D:10     | Identified a +0 ring mail
 14145 | D:10     | Noticed Joseph
 14161 | D:10     | Killed Joseph
 14161 | D:10     | Reached skill level 5 in Short Blades
 14161 | D:10     | Reached skill level 9 in Dodging
 14279 | D:9      | Identified a +2 scimitar
 14279 | D:9      | Identified a +0 robe
 14280 | D:9      | Identified a cursed +4 dagger of freezing
 14280 | D:9      | Identified a +0 robe
 14280 | D:9      | Identified a cursed +5 flail
 14280 | D:9      | Identified a +0 robe
 14282 | D:9      | Identified a +0 morningstar
 14282 | D:9      | Identified a cursed +0 robe
 14285 | D:9      | Identified a +0 battleaxe
 14285 | D:9      | Identified a +1 robe of positive energy
 14291 | D:9      | Identified a +0 shortbow
 14342 | D:9      | HP: 6/44 [troll (7)]
 14547 | D:9      | Found a shimmering blue altar of Sif Muna.
 14551 | D:9      | Identified a +0 whip
 14739 | D:9      | Identified a +0 rapier (You found it on level 9 of the
                  | Dungeon)
 14788 | D:9      | Identified a +0 giant club
 14798 | D:9      | Identified a +0 club
 14798 | D:9      | Identified a +0 leather armour
 14802 | D:9      | Reached skill level 10 in Stealth
 14803 | D:9      | Identified a +0 whip
 14820 | D:9      | Identified a +0 club
 14820 | D:9      | Identified a +1 leather armour of positive energy
 14884 | D:9      | Found a snail-covered altar of Cheibriados.
 14952 | D:9      | Reached skill level 11 in Spellcasting
 15090 | D:9      | Identified a +0 dagger of freezing
 15090 | D:9      | Identified a +0 robe
 15090 | D:9      | Identified a +0 dagger of holy wrath
 15090 | D:9      | Identified a +0 robe
 15099 | D:9      | Identified Sif Muna's Disquisition on the Entourage
 15319 | D:9      | Reached XP level 11. HP: 47/47 MP: 27/27
 15456 | D:10     | Identified a +0 dagger
 15456 | D:10     | Identified a +0 robe
 15456 | D:10     | Noticed Josephine
 15467 | D:10     | Killed Josephine
 15655 | D:10     | Found a staircase to the Lair.
 15794 | D:10     | Identified a +3 dagger of chaos
 15794 | D:10     | Identified a +0 robe
 15794 | D:10     | Noticed Psyche
 15794 | D:10     | Identified a -2 spear
 15794 | D:10     | Identified a +0 animal skin
 15794 | D:10     | Noticed Grum
 15893 | D:10     | Killed Psyche
 15893 | D:10     | Reached skill level 9 in Earth Magic
 15956 | D:10     | Killed Grum
 16174 | D:10     | Noticed an eight-headed hydra
 16223 | D:10     | Killed an eight-headed hydra
 16354 | D:10     | Identified a +0 cloak (You found it on level 10 of the
                  | Dungeon)
 16374 | Lair:1   | Entered Level 1 of the Lair of Beasts
 16416 | Lair:1   | Identified a +0 quarterstaff of freezing
 16416 | Lair:1   | Identified a +2 robe of cold resistance
 16416 | Lair:1   | Identified an uncursed ring of ice
 16416 | Lair:1   | Noticed Fannar
 16418 | Lair:1   | Reached skill level 4 in Shields
 16474 | Lair:1   | Killed Fannar
 16474 | Lair:1   | Reached skill level 6 in Short Blades
 16474 | Lair:1   | Reached skill level 10 in Dodging
 16709 | Lair:1   | HP: 11/47 [spiny frog (21)]
 16796 | Lair:1   | Identified a +2 dagger of venom (You found it on level 1 of
                  | the Lair of Beasts)
 16804 | Lair:1   | Identified a +1 hat
 16804 | Lair:1   | Noticed Gastronok
 16870 | Lair:1   | Killed Gastronok
 16870 | Lair:1   | Reached skill level 11 in Stealth
 16870 | Lair:1   | Reached skill level 12 in Spellcasting
 17012 | Lair:1   | Learned a level 4 spell: Leda's Liquefaction
 17245 | Lair:1   | Reached skill level 1 in Hexes
 17580 | Lair:1   | Identified a +0 scimitar of flaming
 17580 | Lair:1   | Identified a +0 robe
 17580 | Lair:1   | Noticed Erica
 17584 | Lair:1   | Killed Erica
 17584 | Lair:1   | Reached skill level 2 in Hexes
 17592 | Lair:1   | Reached XP level 12. HP: 51/51 MP: 29/29
 17745 | Lair:2   | Noticed a catoblepas
 17797 | Lair:2   | Reached skill level 10 in Earth Magic
 17801 | Lair:2   | Noticed a seven-headed hydra
 17803 | Lair:2   | Noticed a five-headed hydra
 17806 | Lair:1   | HP: 3/51 [catoblepas (17)]
 17807 | Lair:1   | HP: 1/51 [catoblepas/blast of calcifying dust (2)]
 17809 | Lair:1   | Demolished by a catoblepas

Table legend:
 A = Turns spent in this place as a percentage of turns spent in the entire game.
 B = Non-inter-level travel turns spent in this place as a percentage of non-inter-level travel turns spent in the entire game.
 C = Inter-level travel turns spent in this place as a percentage of turns spent in this place.
 D = Turns resting spent in this place as a percentage of non-inter-level travel turns spent in this place.
 E = Turns spent auto-exploring this place as a percentage of non-inter-level travel turns spent in this place.
 F = Non-inter-level travel turns spent in this place divided by the number of levels of this place that you've seen.
                   A       B       C       D       E      F
               +-------+-------+-------+-------+-------+----------------------
         Total | 100.0 | 100.0 |   2.1 |  24.8 |  50.5 | 1341.4
       Dungeon |  82.7 |  82.9 |   1.9 |  22.3 |  55.5 | 1445.9
          Lair |   8.1 |   7.7 |   6.6 |  11.8 |  49.5 | 670.5
        Bailey |   9.2 |   9.4 |   0.0 |  57.5 |   6.7 | 1638.0
               +-------+-------+-------+-------+-------+----------------------

Table legend:
 A = Kills in this place as a percentage of kills in entire the game.
 B = Kills by you in this place as a percentage of kills by you in the entire game.
 C = Kills by friends in this place as a percentage of kills by friends in the entire game.
 D = Other kills in this place as a percentage of other kills in the entire game.
 E = Experience gained in this place as a percentage of experience gained in the entire game.
 F = Experience gained in this place divided by the number of levels of this place that you have seen.
                   A       B       C       D       E      F
               +-------+-------+-------+-------+-------+----------------------
         Total | 100.0 | 100.0 |   N/A |   N/A | 100.0 | 1761.3
       Dungeon |  83.8 |  83.8 |   N/A |   N/A |  56.6 | 1297.0
          Lair |   7.4 |   7.4 |   N/A |   N/A |  34.0 | 3892.5
        Bailey |   8.8 |   8.8 |   N/A |   N/A |   9.4 | 2142.0
               +-------+-------+-------+-------+-------+----------------------

Skill      XL: |  1  2  3  4  5  6  7  8  9 10 11 12 |
---------------+-------------------------------------+-----
Spellcasting   | 3 4 5 7 8 9 11 12 | 12.4
Earth Magic    | 3 4 5 6 7 8 9 10 | 10.0
Stealth        | 4 5 6 7 8 10 11 | 11.4
Dodging        | 4 5 6 7 8 9 10 | 10.6
Short Blades   | 2 4 5 6 |  6.7
Shields        | 1 2 3 4 |  4.0
Hexes          | 2 |  2.6
Transmutations | |  1.3

Action                   |  1- 3 |  4- 6 |  7- 9 | 10-12 || total
-------------------------+-------+-------+-------+-------++-------
Melee: Dagger            |    73 |       |       |   157 ||   230
       Short sword       |    81 |   101 |   221 |    89 ||   492
       Rapier            |       |       |       |    72 ||    72
Throw: Dart              |     5 |    12 |   112 |    19 ||   148
       Stone             |       |       |     6 |       ||     6
 Cast: Sandblast         |    22 |    55 |    33 |   106 ||   216
       Stone Arrow       |       |    11 |    75 |    31 ||   117
       Lee's Rapid Decon |       |       |    20 |    13 ||    33
       Petrify           |       |       |     4 |     7 ||    11
 Abil: Stop Flying       |       |       |       |     8 ||     8
       Evoke Flight      |       |       |       |     8 ||     8
Evoke: Wand              |       |       |    17 |     1 ||    18
  Use: Scroll            |       |     2 |     4 |     3 ||     9
       Potion            |       |       |       |     1 ||     1
 Stab: Sleeping          |     7 |     5 |    19 |    15 ||    46
       Distracted        |     1 |       |     3 |     4 ||     8
       Petrified         |       |       |     5 |    14 ||    19
  Eat: Ration            |       |     2 |     7 |     4 ||    13
Armor: Robe              |    26 |    13 |    11 |    15 ||    65
Dodge: Dodged            |   180 |    98 |   267 |   240 ||   785
Block: Buckler           |       |       |       |   114 ||   114

Vanquished Creatures
  Gastronok (Lair:1)
  Josephine (D:10)
  A hydra (D:10)
  Fannar (Lair:1)
  Erica (Lair:1)
  An orc knight (Bailey)
  A manticore (D:9)
  Joseph (D:10)
  A black mamba (Lair:1)
  Psyche (D:10)
  A spiny frog (Lair:1)
  2 komodo dragons (Lair:1)
  2 trolls
  A hippogriff (D:9)
  Sigmund (D:6)
  3 wraiths (D:10)
  4 yaks (Lair:1)
  Grum (D:10)
  A basilisk (Lair:1)
  A hungry ghost (D:8)
  3 water moccasins
  3 porcupines
  An ice beast (D:8)
  15 orc warriors
  2 black bears (D:6)
  4 sky beasts
  7 ogres
  2 phantoms
  6 wolves
  2 centaurs
  3 crocodiles
  6 bullfrogs
  A wyvern skeleton (D:10)
  3 scorpions
  4 killer bees (D:9)
  9 wights
  A howler monkey (D:4)
  2 crimson imps
  4 jellies
  6 orc priests
  2 bullfrog zombies
  2 bullfrog skeletons
  3 hounds
  An iron imp (D:9)
  An iguana (D:4)
  Natasha (thrice) (D:3)
  9 orc wizards
  12 worker ants
  A worker ant zombie (D:9)
  11 gnolls
  10 adders
  2 shadow imps
  6 oozes
  6 worms
  3 dart slugs
  5 leopard geckos
  49 orcs
  A ball python (D:2)
  10 bats
  7 giant cockroaches
  2 gnoll zombies (D:2)
  11 goblins
  5 hobgoblins
  3 jackals (D:8)
  4 quokkas
  2 frilled lizards
  4 kobolds
  A leopard gecko zombie (D:9)
  2 quokka skeletons
  7 rats
296 creatures vanquished.
